 Dungeon Crawl Stone Soup version 0.30-a0-782-ge64f9170bb (webtiles) character file.

Game seed: 2751592821174109488

253 demibob the Slasher (level 5, -2/45 HPs)
             Began as a Minotaur Fighter on Feb 19, 2023.
             Slain by a gnoll sergeant
             ... wielding a +0 spear
              (6 damage)
             ... on level 4 of the Dungeon.
             The game lasted 00:03:06 (2964 turns).

demibob the Slasher (Minotaur Fighter)              Turns: 2964, Time: 00:03:06

Health: -2/45      AC:  6    Str: 20    XL:     5   Next: 90%
Magic:  4/4        EV:  5    Int:  5    God:
Gold:   101        SH:  0    Dex: 12    Spells: 4/4 levels left

rFire   . . .      SeeInvis .    a - +0 long sword
rCold   . . .      Faith    .    (no shield)
rNeg    . . .      Spirit   .    b - +0 scale mail
rPois   .          Reflect  .    (helmet restricted)
rElec   .          Harm     .    (no cloak)
rCorr   .          Rampage  .    (no gloves)
Will    .....                    (no boots) Stlth
                                 (no amulet)
HPRegen 0.27/turn                (no ring)
MPRegen 0.09/turn                (no ring)

@: mighty, held
A: horns 2, retaliatory headbutt
a: no special abilities


You were on level 4 of the Dungeon.
You visited 1 branch of the dungeon, and saw 4 of its levels.

You collected 101 gold pieces.


Innate Abilities, Weirdness & Mutations

You have a pair of horns on your head.
You reflexively headbutt those who attack you in melee.


   Skills:
 - Level 3.6 Fighting
 + Level 7.5 Long Blades
 - Level 3.6 Armour
 - Level 3.6 Shields


You had 4 spell levels left.
You didn't know any spells.
Your spell library contained the following spells:

 Spells                   Type           Power      Damage    Failure   Level
 Gell's Gravitas          Tloc           0%         N/A       99%         3
 Portal Projectile        Hex/Tloc       0%         N/A       99%         3
 Teleport Other           Tloc           0%         N/A       99%         3
 Tukima's Dance           Hex            0%         N/A       99%         3
 Blade Hands              Tmut           0%         N/A       100%        5
 Dispersal                Tloc           0%         N/A       100%        6

Inventory:

Hand Weapons
 a - a +0 long sword (weapon)
Armour
 b - a +0 scale mail (worn)
 g - a +1 pair of gloves
Wands
 h - a wand of iceblast (3)
 o - a wand of acid (8)
 q - a wand of paralysis (8)
Scrolls
 e - a scroll of noise {unknown}
 f - 5 scrolls of identify {unknown}
 i - a scroll of vulnerability {unknown}
 k - a scroll of brand weapon {unknown}
 m - a scroll of fear {unknown}
 n - 2 scrolls of magic mapping {unknown}
Potions
 c - a potion of flight {unknown}
 j - a potion of magic {unknown}
 l - 2 potions of berserk rage {unknown}
 p - 3 potions of heal wounds {unknown}

Dungeon Overview and Level Annotations

Branches:
Dungeon (4/15)
 Temple: D:4-7

Altars:
Elyvilon

Annotations:
D:2 1 runed translucent door, Crazy Yiuf

.. .## ≈≈# ▒≈# ▒▒▒
▒▒≈# ▒..g▒≈≈##
▒/..)gg.## #
▒.$.▒≈≈..# .. #≈
▒▒▒ ▒▒≈.@## ...
≈▒▒≈ ▒≈#..## ##...
≈≈≈ ≈≈≈##..##.....
#.# #######........
#.## #........
#..########........
#.......##...######
#...##......##
#.####.)....#


You could see a gnoll sergeant and 2 gnolls.


Message History

You are too injured to fight recklessly!
You are too injured to fight recklessly!
You are too injured to fight recklessly!
You are too injured to fight recklessly!
You are too injured to fight recklessly!
You are too injured to fight recklessly!
You are too injured to fight recklessly!
You are too injured to fight recklessly!
You are too injured to fight recklessly!
You are too injured to fight recklessly!
You are too injured to fight recklessly!
You are too injured to fight recklessly!
You are too injured to fight recklessly!
You are too injured to fight recklessly!
You are too injured to fight recklessly!
You are too injured to fight recklessly!
You are too injured to fight recklessly!
You feel very mighty all of a sudden. The gnoll sergeant closely misses you.
The gnoll hits you from afar with a +0 halberd!
* * * LOW HITPOINT WARNING * * *
The gnoll closely misses you. The gnoll barely misses you.
Okay, then.
The gnoll throws a throwing net.
The throwing net hits you.
You become entangled in the net!
You see here a throwing net {=f}.
You struggle against the net.
You struggle against the net.
The gnoll sergeant hits you from afar with a +0 spear.
You die...

Skill      XL: |  1  2  3  4  5 |
---------------+----------------+-----
Long Blades    | 3 4 5 6 7 |  7.5
Fighting       | |  3.6
Armour         | |  3.6
Shields        | |  3.6

Action                     |  1- 3 |  4- 6 || total
---------------------------+-------+-------++-------
  Melee: Long sword        |    62 |   109 ||   171
         Headbutt          |    11 |    19 ||    30
    Use: Potion            |       |     1 ||     1
 Armour: Scale mail        |    31 |    52 ||    83
  Dodge: Dodged            |    25 |    50 ||    75

Levels and vault maps discovered:
D:1:      shiori_arrival_whats_in_store_for_you, layout_loops_ring,
          minmay_misc_feat_pillars
D:2:      minmay_evil_eye, layout_basic, basic_altar, uniq_jessica,
          uniq_crazy_yiuf_cottage
D:3:      layout_basic, minmay_close_crescents
D:4:      layout_layer_cave, lightli_minifort, uniq_grinder

Notes
Turn   | Place    | Note
-------+----------+-------------------------------------------
     0 | D:1      | demibob the Minotaur Fighter began the quest for the Orb.
     0 | D:1      | Reached XP level 1. HP: 19/19 MP: 0/0
     0 | D:1      | Noticed a minotaur skeleton
   200 | D:1      | Reached skill level 3 in Long Blades
   209 | D:1      | Reached XP level 2. HP: 26/26 MP: 1/1
   666 | D:2      | Noticed Jessica
   679 | D:2      | Killed Jessica
   680 | D:2      | Reached skill level 4 in Long Blades
   680 | D:2      | Reached XP level 3. HP: 31/31 MP: 2/2
   882 | D:2      | Reached skill level 5 in Long Blades
   903 | D:2      | Found a white marble altar of Elyvilon.
   929 | D:2      | Reached XP level 4. HP: 32/39 MP: 3/3
  1191 | D:2      | Found a runed translucent door.
  1192 | D:2      | Noticed Crazy Yiuf
  1627 | D:3      | Noticed a phantom
  1634 | D:3      | Killed a phantom
  1635 | D:3      | Reached skill level 6 in Long Blades
  1635 | D:3      | Reached XP level 5. HP: 37/45 MP: 4/4
  1942 | D:3      | Reached skill level 7 in Long Blades
  2959 | D:4      | HP: 3/45 [gnoll/+0 halberd[a gnoll sergeant] (13)]
  2964 | D:4      | Slain by a gnoll sergeant

Vanquished Creatures
  A phantom (D:3)
  Jessica (D:2)
  7 adders
  2 gnolls (D:4)
  2 worms (D:3)
  8 orcs (D:3)
  3 ball pythons
  8 endoplasms
  A giant cockroach (D:3)
  2 goblins
  4 hobgoblins
  4 quokkas
  4 bats
  2 frilled lizards
  8 kobolds
  3 rats
60 creatures vanquished.

Table legend: (Time is in decaauts)
 A = Elapsed time spent in this place.
 B = Non-inter-level travel time spent in this place.
 C = Inter-level travel time spent in this place.
 D = Time resting spent in this place.
 E = Time spent auto-exploring this place.
 F = Levels seen in this place.
 G = Mean time per level.
                   A        B        C        D        E       F      G
               +--------+--------+--------+--------+--------+-----+--------+
         Total |   2982 |   2869 |    113 |      0 |   2453 |   4 |  745.5 |
       Dungeon |   2982 |   2869 |    113 |      0 |   2453 |   4 |  745.5 |
               +--------+--------+--------+--------+--------+-----+--------+

Top non-repeatable levels by time:
     D:3: 1233 daAuts
     D:2: 969 daAuts
     D:1: 672 daAuts
     D:4: 108 daAuts

Table legend:
 A = Non-vault XP
 B = Vault XP
 C = Vault XP percentage of total XP
 D = Non-vault monster count
 E = Vault monster count
 F = Vault count percentage of total count
                 A         B        C        D         E       F
            +---------+---------+-------+---------+---------+-------
      Total |     258 |     104 |  28.7 |      48 |      12 |  20.0
            +---------+---------+-------+---------+---------+-------
        D:1 |      22 |       0 |   0.0 |      12 |       0 |   0.0
        D:2 |      57 |      54 |  48.6 |      13 |       4 |  23.5
        D:3 |     177 |      22 |  11.1 |      22 |       6 |  21.4
        D:4 |       2 |      28 |  93.3 |       1 |       2 |  66.7
            +---------+---------+-------+---------+---------+-------
